Cogmind - Beta 15 @@@ ROGUE MODE // 2025.06.04 @ 21:07:47 Player: Triffids Result: Self-destructed Performance ------------- Evolutions (3) 1500 Regions Visited (5) 1000 Robots Destroyed (44) 220 Value Destroyed (1227) 1227 Prototype IDs (2) 40 Alien Tech Used (0) 0 Bonus (0) 0 TOTAL SCORE: 3987 Bonus ------- None Cogmind --------- Core Integrity 700/700 Matter 300/300 Energy 275/275 System Corruption 0% Temperature Cool (0) Movement Rolling (98) Ox1 Location -7/Factory Parts ------- > --- POWER (1) -------- Deuterium Engine > --- PROPULSION (4) --- VSS Leg Wheel Wheel Armored Wheel > --- UTILITY (5) ------ Improved Heat Sink Medium Storage Unit Hardened Medium Armor Plating > --- WEAPON (3) ------- Pulse Rifle Minigun High-powered Shotgun > --- INVENTORY (10) --- Deuterium Engine High-capacity Matter Pod (200) Advanced Visual Processing Unit Sensor Array Improved Terrain Scan Processor Hardened Medium Armor Plating Improved Light Armor Plating System Shield High-powered Shotgun Mini Grenade Launcher Peak State ------------ > --- POWER ------------ Deuterium Engine > --- PROPULSION ------- VSS Leg Wheel Wheel Armored Wheel > --- UTILITY ---------- Improved Heat Sink Medium Storage Unit Hardened Medium Armor Plating > --- WEAPON ----------- Pulse Rifle Minigun High-powered Shotgun > --- INVENTORY -------- Light Ion Engine High-capacity Matter Pod Structural Scanner Advanced Visual Processing Unit Sensor Array Improved Terrain Scan Processor Hardened Medium Armor Plating Improved Light Armor Plating System Shield Mini Grenade Launcher [Rating: 28] Favorites ----------- Power Light Ion Engine Engine Light Ion Engine Propulsion Aluminum Leg Leg Aluminum Leg Wheel Wheel Utility Medium Storage Unit Device Improved Heat Sink Storage Medium Storage Unit Protection Light Armor Plating Weapon Field Laser Energy Gun Field Laser Ballistic Gun Light Assault Rifle Launcher Mini Grenade Launcher Build | -11 -10 -10 -9 -8 -7 ------- Run | Yrd Mat Min Mat Mat Fac Slots Evolved 6 | . . . 2 2 2 Power . | . . . . . . Propulsion 2 | . . . . 2 . Utility 3 | . . . 1 . 2 Weapon 1 | . . . 1 . . Parts Attached 42 | 8 3 4 5 22 . Power 6 | 2 . 2 . 2 . Engine 6 | 2 . 2 . 2 . Core . | . . . . . . Reactor . | . . . . . . Propulsion 10 | 2 . 1 . 7 . Treads . | . . . . . . Leg 7 | 2 . 1 . 4 . Wheel 3 | . . . . 3 . Hover . | . . . . . . Flight . | . . . . . . Utility 10 | 2 1 . 1 6 . Device 4 | 1 . . 1 2 . Storage 3 | 1 1 . . 1 . Processor . | . . . . . . Hackware . | . . . . . . Protection 3 | . . . . 3 . Artifact . | . . . . . . Weapon 16 | 2 2 1 4 7 . Energy Gun 7 | 2 . 1 1 3 . Energy Cannon . | . . . . . . Ballistic Gun 8 | . 1 . 3 4 . Ballistic Cannon . | . . . . . . Launcher 1 | . 1 . . . . Special Weapon . | . . . . . . Impact Weapon . | . . . . . . Slashing Weapon . | . . . . . . Piercing Weapon . | . . . . . . Special Melee Weapon . | . . . . . . Unidentified Prototypes . | . . . . . . Parts Lost 9 | . 1 3 1 4 . Power 2 | . . 2 . . . Propulsion 3 | . . . . 3 . Utility . | . . . . . . Weapon 4 | . 1 1 1 1 . Highest Loss Streak 3 | . 1 3 1 2 . To Critical Strikes . | . . . . . . Average Backups 8 | 3 6 9 9 9 . Power . | . 1 . 1 1 . Propulsion . | . 1 1 2 . . Utility 4 | . 1 3 3 5 . Weapon 2 | 1 2 3 3 2 . Tool/Special . | . . . . . . Unused Backups 14 | . 1 . . 5 8 Power 2 | . . . . 1 1 Propulsion . | . . . . . . Utility 9 | . . . . 3 6 Weapon 3 | . 1 . . 1 1 Tool/Special . | . . . . . . Average Slot Usage (%) 97 | . 98 93 98 97 . Engine 9 | . 14 8 11 9 . Leg 22 | . 28 28 22 18 . Wheel 7 | . . . . 14 . Device 13 | . 14 14 22 11 . Storage 10 | . 14 14 11 9 . Protection 3 | . . . . 6 . Energy Gun 14 | . 22 13 9 14 . Ballistic Gun 10 | . 1 8 13 11 . Launcher 2 | . 2 6 8 . . Peak Build Rating 28 | 7 9 10 14 28 . Average Rating 16 | 4 7 8 13 22 . On Entrance 11 | . 7 9 10 14 28 Naked Turns . | . . . . . . Heaviest Build 37 | 13 18 18 20 37 . Greatest Support 45 | 20 20 20 20 45 . Greatest Overweight (x) 2 | 1 . . . 2 . Average Overweight (x) . | . . . . . . Largest Inventory Capacity 10 | 8 10 10 10 10 . Average Capacity 9 | 7 8 10 10 10 . Most Carried 10 | 5 8 10 10 10 . Average Carried 8 | 3 6 9 9 9 . Final Capacity 10 | 8 10 10 10 10 10 Final Carried 10 | 5 8 10 10 10 10 Class Distribution -------------------- 39% | Scavenger-Tank 23% | Scavenger-Gunner 19% | Mutant 16% | Scavenger-Mutant Dominant Class ---------------- Mutant | -10/Materials Scavenger-Mutant | -10/Mines Scavenger-Gunner | -9/Materials Scavenger-Tank | -8/Materials Scavenger-Tank | -7/Factory Resources | -11 -10 -10 -9 -8 -7 ----------- Run | Yrd Mat Min Mat Mat Fac Matter Collected 1241 | 280 66 263 78 554 . Remotely . | . . . . . . Salvage Created 1491 | 110 90 313 103 875 . Parts 81 | 9 14 15 9 34 . Haulers Intercepted 2 | . 1 . . 1 . Recyclers Shooed 2 | . . 1 1 . . Parts Field Recycled . | . . . . . . Retrieved Matter . | . . . . . . Parts Self-Destructed . | . . . . . . Prevented . | . . . . . . Kills | -11 -10 -10 -9 -8 -7 ------- Run | Yrd Mat Min Mat Mat Fac Combat Hostiles Destroyed 35 | . 6 6 8 15 . Guns 22 | . . 5 2 15 . AOE 13 | . 6 1 6 . . Classes Destroyed 11 | 2 2 1 1 5 . Tunneler 2 | 2 . . . . . Hauler 2 | . 1 . . 1 . Recycler 2 | 1 . 1 . . . Mechanic 1 | . . . . 1 . Operator 1 | . . . . 1 . Watcher 1 | . . . . 1 . Swarmer 14 | . 6 2 6 . . Grunt 14 | . . 4 . 10 . Duelist 1 | . . . . 1 . Sentry 4 | . . . 2 2 . Specialist 2 | . . . . 2 . Best Kill Streak 6 | 3 6 5 3 5 . Combat Bots Only 6 | . 6 2 3 3 . Max Kills in Single Turn 3 | 1 3 2 2 2 . Gunslinging 1 | . . . . 1 . Exploded 3 | . 3 1 2 . . Melee . | . . . . . . Uniques/NPCs Destroyed . | . . . . . . Combat | -11 -10 -10 -9 -8 -7 -------- Run | Yrd Mat Min Mat Mat Fac Hostile Shots Fired 199 | . 24 41 27 107 . Missed 51 | . 3 13 7 28 . Hits 148 | . 21 28 20 79 . Projectile 148 | . 21 28 20 79 . Critical Strikes 5 | . . . . 5 . Damage Taken 1991 | 37 195 327 298 1134 . Core 280 | . 36 70 90 84 . Absorbed by Shields . | . . . . . . Core Remaining (%) 79 | 100 . 57 77 84 . Volleys Fired 93 | 5 4 20 10 54 . Largest 3 | 2 2 2 3 3 . Hottest 151 | 80 80 95 115 151 . Shots Fired 248 | 10 7 40 29 162 . Gun 238 | 10 4 39 23 162 . Cannon . | . . . . . . Launcher 10 | . 3 1 6 . . Special . | . . . . . . Kinetic 99 | . . 19 14 66 . Thermal 116 | . . 11 9 96 . Explosive 10 | . 3 1 6 . . Electromagnetic 23 | 10 4 9 . . . Robot Hit Streak 11 | 2 4 7 9 11 . Robot Miss Streak 14 | 2 2 6 14 4 . Penetration Max . | . . . . . . Secondary Targets 7 | . . 2 . 5 . Max Gunslinging Chain 1 | . . 1 . 1 . Shots Hit Robots 148 | 5 3 23 17 100 . Core Hits 79 | 2 8 14 16 39 . Critical Kills . | . . . . . . Critical Parts Destroyed . | . . . . . . Critical Strikes 4 | . . . . 4 . Burn 4 | . . . . 4 . Melee Attacks . | . . . . . . Impact . | . . . . . . Slashing . | . . . . . . Piercing . | . . . . . . Sneak Attacks . | . . . . . . Combat Hostiles . | . . . . . . Follow-up Attacks . | . . . . . . Damage Inflicted 2993 | 126 236 354 494 1783 . Guns 2350 | 80 26 285 176 1783 . Cannons . | . . . . . . Explosions 643 | 46 210 69 318 . . Melee . | . . . . . . Ramming . | . . . . . . Kinetic 849 | . . 107 82 660 . Thermal 1379 | 46 . 116 94 1123 . Explosive 597 | . 210 69 318 . . Electromagnetic 168 | 80 26 62 . . . Impact . | . . . . . . Slashing . | . . . . . . Piercing . | . . . . . . Highest Corruption . | . . . . . . Average Corruption . | . . . . . . Corruption Purged . | . . . . . . Corruption Blocked . | . . . . . . Overload Shots . | . . . . . . Overflow Damage 27 | 16 . . 11 . . Projectiles . | . . . . . . Explosions 27 | 16 . . 11 . . Melee . | . . . . . . Knockbacks . | . . . . . . Impact . | . . . . . . Kinetic . | . . . . . . Secondary . | . . . . . . Self-Inflicted Damage 176 | 37 35 . 104 . . Shots 5 | 1 1 . 3 . . Rammed . | . . . . . . Targets Rammed . | . . . . . . Kicked . | . . . . . . Crushed . | . . . . . . Highest Temperature 384 | 66 18 264 41 384 . Average Temperature 92 | 28 10 79 10 116 . Received Heat Transfer 756 | . 6 156 27 567 . Effects 1 | . . . . 1 . Matter Decay 1 | . . . . 1 . Siege Activations . | . . . . . . Martial Activations . | . . . . . . Shielding Activations . | . . . . . . Robots Disrupted . | . . . . . . Combat Hostiles . | . . . . . . Robots Corrupted . | . . . . . . Combat Hostiles . | . . . . . . Parts Fried . | . . . . . . Impact Corruptions . | . . . . . . Robots Melted . | . . . . . . Combat Hostiles . | . . . . . . Parts Melted 8 | . . . . 8 . Heat Transferred 3177 | 50 . 259 120 2748 . Parts Sabotaged . | . . . . . . Parts Stolen . | . . . . . . Parts Stripped . | . . . . . . Power Chain Reactions 1 | 1 . . . . . Alert | -11 -10 -10 -9 -8 -7 ------- Run | Yrd Mat Min Mat Mat Fac Maximum Alert Level . | . . . . . . Low Security (%) 100 | 100 100 100 100 100 . Level 1 . | . . . . . . Level 2 . | . . . . . . Level 3 . | . . . . . . Level 4 . | . . . . . . Level 5 . | . . . . . . High Security . | . . . . . . Max Security . | . . . . . . Peak Influence 191 | 10 148 98 191 147 . Initial 72 | . . 53 9 72 60 Average 53 | 2 24 61 88 53 . Influence Increases 1033 | 15 180 152 251 435 . Destroy 0b10 Robot/C 700 | . 120 120 160 300 . Destroy 0b10 Robot/NC 45 | 15 5 5 . 20 . Destroy Leader 156 | . 22 20 40 74 . Successful Hack 14 | . 5 . . 9 . Disable Machine 45 | . . . 15 30 . Destroy Structure 73 | . 28 7 36 2 . Influence Decreases 973 | 15 42 265 105 471 75 Entered New Map 275 | . . 85 16 99 75 Time Decay 625 | 15 32 150 89 339 . Lost Part 73 | . 10 30 . 33 . Squads Dispatched 6 | . 1 . . 5 . Investigation 2 | . . . . 2 . Extermination . | . . . . . . Reinforcement 4 | . 1 . . 3 . Assault . | . . . . . . Garrison . | . . . . . . Intercept . | . . . . . . Searches Triggered . | . . . . . . Construction Impeded . | . . . . . . Haulers Reinforced . | . . . . . . Active Scanning Responses . | . . . . . . Cargo Convoy Interrupts . | . . . . . . Stealth | -11 -10 -10 -9 -8 -7 --------- Run | Yrd Mat Min Mat Mat Fac Distress Signals 2 | . 1 . 1 . . Communications Jammed . | . . . . . . Distress Signals . | . . . . . . Times Spotted 52 | . 9 7 9 27 . Peak Tracking Total 7 | . 7 3 4 6 . Tactical Retreats . | . . . . . . Traps | -11 -10 -10 -9 -8 -7 ------- Run | Yrd Mat Min Mat Mat Fac Traps Triggered 1 | . . . . 1 . Indirectly . | . . . . . . Trap Hack Attempts . | . . . . . . Triggered . | . . . . . . Disarmed . | . . . . . . Reprogrammed . | . . . . . . Reused . | . . . . . . Traps Extracted . | . . . . . . Installed . | . . . . . . Triggered . | . . . . . . Machines | -11 -10 -10 -9 -8 -7 ---------- Run | Yrd Mat Min Mat Mat Fac Machines Disabled 3 | . . . 1 2 . Max in Single Turn 1 | . . . 1 1 . Machines Repaired . | . . . . . . Machines Dismantled . | . . . . . . Machines Sabotaged . | . . . . . . Overloaded Fab Kills . | . . . . . . Hacking | -11 -10 -10 -9 -8 -7 --------- Run | Yrd Mat Min Mat Mat Fac Machines Accessed 8 | . 3 . . 5 . Terminals 6 | . 3 . . 3 . Fabricators . | . . . . . . Repair Stations . | . . . . . . Recycling Units 2 | . . . . 2 . Scanalyzers . | . . . . . . Garrison Access . | . . . . . . Total Hacks 21 | . 5 . . 16 . Successful 10 | . 1 . . 9 . Failed 11 | . 4 . . 7 . Catastrophic . | . . . . . . Database Lockouts . | . . . . . . Manual 12 | . 4 . . 8 . Terminals 17 | . 5 . . 12 . Fabricators . | . . . . . . Repair Stations . | . . . . . . Recycling Units 4 | . . . . 4 . Scanalyzers . | . . . . . . Garrison Access . | . . . . . . Terminal Hacks 5 | . . . . 5 . Prototype ID Bank 1 | . . . . 1 . Branch Access Points 1 | . . . . 1 . Terminal Index 1 | . . . . 1 . Locate Traps 2 | . . . . 2 . Fabricator Hacks . | . . . . . . Repair Station Hacks . | . . . . . . Recycling Unit Hacks 1 | . . . . 1 . Retrieve Components 1 | . . . . 1 . Scanalyzer . | . . . . . . Garrison Access Hacks . | . . . . . . Unauthorized Hacks 4 | . 1 . . 3 . Terminals 4 | . 1 . . 3 . Botnet 4 | . 1 . . 3 . Fabricators . | . . . . . . Repair Stations . | . . . . . . Recycling Units . | . . . . . . Scanalyzers . | . . . . . . Garrison Access . | . . . . . . Data Cores Recovered . | . . . . . . Used . | . . . . . . Hacking Detections 7 | . 3 . . 4 . Full Trace Events 1 | . . . . 1 . Feedback Events . | . . . . . . Feedback Blocked . | . . . . . . Robot Schematics Acquired . | . . . . . . Robots Built . | . . . . . . Authchips . | . . . . . . Time . | . . . . . . Total Robot Build Rating . | . . . . . . Part Schematics Acquired . | . . . . . . Parts Built . | . . . . . . Authchips . | . . . . . . Time . | . . . . . . Total Part Build Rating . | . . . . . . Parts Repaired . | . . . . . . Time . | . . . . . . Parts Recycled . | . . . . . . Recycled Matter . | . . . . . . Retrieved Matter . | . . . . . . Retrieved Components 4 | . . . . 4 . Parts Scanalyzed . | . . . . . . Part Schematics Acquired . | . . . . . . Parts Damaged . | . . . . . . Bothacking | -11 -10 -10 -9 -8 -7 ------------ Run | Yrd Mat Min Mat Mat Fac Used RIF Installer . | . . . . . . Robots Hacked . | . . . . . . Non-combat . | . . . . . . Combat . | . . . . . . Robot Hacks Applied . | . . . . . . Relay Couplers Released . | . . . . . . Fabnet Peak Effective % . | . . . . . . Robots Rewired . | . . . . . . Allies Hacked . | . . . . . . Hacks Repelled . | . . . . . . Allies | -11 -10 -10 -9 -8 -7 -------- Run | Yrd Mat Min Mat Mat Fac Total Allies . | . . . . . . Largest Group . | . . . . . . Highest-Rated Group . | . . . . . . Highest-Rated Ally . | . . . . . . Total Orders . | . . . . . . Ally Attacks . | . . . . . . Total Damage . | . . . . . . Kills . | . . . . . . Allies Corrupted . | . . . . . . Allies Melted . | . . . . . . Intel | -11 -10 -10 -9 -8 -7 ------- Run | Yrd Mat Min Mat Mat Fac Active Infowar (turns) 908 | 9 192 311 202 194 . Seismic 908 | 9 192 311 202 194 . Robot Analysis Total . | . . . . . . Derelict Logs Recovered 1 | . . 1 . . . Drone Launches . | . . . . . . Drone Recoveries . | . . . . . . Exploration | -11 -10 -10 -9 -8 -7 ------------- Run | Yrd Mat Min Mat Mat Fac Turns Passed 1624 | 88 192 311 202 831 . Spaces Moved 1098 | 50 142 199 133 574 . Core 21 | 21 . . . . . Treads . | . . . . . . Legs 700 | 29 142 199 133 197 . Wheels 377 | . . . . 377 . Hover . | . . . . . . Flight . | . . . . . . Fastest Speed 50 | 50 120 120 120 83 . Average Speed 111 | 104 120 120 120 104 . Slowest Speed 120 | 120 120 120 120 120 . Overloaded Moves . | . . . . . . Propulsion Burnouts . | . . . . . . Robots Hopped . | . . . . . . Potential Cave-ins . | . . . . . . Cave-ins Triggered . | . . . . . . Exploration Rate (%) 29 | 3 34 47 15 46 . Regions Visited 5 Branch Regions 1 Pre-discovered Areas . | . . . . . . Known Exits Taken 1 | . . . 1 . . Unknown Exits Taken 4 | 1 1 1 . 1 . Scrap Searched . | . . . . . . Spaces Dug . | . . . . . . Terrain Destroyed 79 | . 27 7 45 . . Melee . | . . . . . . Projectile . | . . . . . . AOE 79 | . 27 7 45 . . Terrain Rammed . | . . . . . . Walls Destroyed . | . . . . . . Machines Disabled . | . . . . . . Actions | -11 -10 -10 -9 -8 -7 --------- Run | Yrd Mat Min Mat Mat Fac Total 1315 | 73 156 233 154 699 . Wait 23 | 2 2 5 3 11 . Move 1093 | 49 141 198 132 573 . Hop . | . . . . . . Pick Up 31 | 8 4 3 3 13 . Fast Attach 12 | 4 1 2 . 5 . Attach 11 | 3 . 1 3 4 . Detach 1 | . . . . 1 . Swap 24 | 1 2 3 3 15 . Drop 27 | 1 2 1 . 23 . Fire 93 | 5 4 20 10 54 . Melee . | . . . . . . Ram . | . . . . . . Kick . | . . . . . . Crush . | . . . . . . Escape Stasis . | . . . . . . Rewire . | . . . . . . Trap . | . . . . . . Miscellaneous . | . . . . . . Route ------- -11/Scrapyard -10/Materials -10/Mines (discovered 2 exits: [*Mat x2]) -9/Materials (discovered 2 exits: *Mat / [*Sto]) -8/Materials -7/Factory History --------- Turn | Location | Event 22 | -11/Scrapyard | Discovered new exit (range 14) 89 | -11/Scrapyard | Entered Materials 205 | -10/Materials | Discovered new exit (range 9) 281 | -10/Materials | Entered Mines 319 | -10/Mines | Build established: Mutant 380 | -10/Mines | Lost 3 parts (2p1w) 407 | -10/Mines | Learned location of 1 exit from Materials 546 | -10/Mines | Discovered new exit (range 6) 550 | -10/Mines | Discovered new exit (range 14) 592 | -10/Mines | Entered Materials 592 | -9/Materials | Evolved 2 slots: Utility x1, Weapon x1 593 | -9/Materials | Identified exit to Materials 676 | -9/Materials | Discovered new exit (range 8) 794 | -9/Materials | Entered another Materials area 794 | -8/Materials | Evolved 2 slots: Propulsion x2 907 | -8/Materials | Build established: Scavenger-Gunner 1284 | -8/Materials | Build established: Scavenger-Tank 1621 | -8/Materials | Discovered new exit (range 5) 1625 | -8/Materials | Entered Factory 1625 | -7/Factory | Evolved 2 slots: Utility x2 1625 | -7/Factory | Self-destructed Last Messages --------------- 01559_ Destroyed Datajack. 01565_ K-01 Serf collects debris. 01581_ G-47 Trooper destroyed. 01581_ Switching to secondary target: G-47 Trooper. 01590_ G-47 Trooper destroyed. 01593_ K-01 Serf collects debris. 01595_ Acquired 37 matter. 01598_ K-01 Serf collects debris. 01600_ R-06 Scavenger collects Imp. Heat Sink. 01601_ Acquired 19 matter. 01601_ K-01 Serf collects debris. 01603_ K-01 Serf destroyed. 01604_ R-06 Scavenger collects Minigun. 01604_ K-01 Serf collects debris. 01607_ B-36 Bruiser destroyed. 01608_ K-01 Serf collects debris. 01621_ EXIT=FOUND PARAMETERS=UTILITY+2 LOCATION=UNKNOWN GOAL=ESCAPE Map ----- +----------------------------------------------------+ | ??????????????????????????????????????? | | ??????????????????????????????????????? | | ??????????????????????????????????????? | | ??????????????????????????????????????? | | ??????????????????????????????????????? | | ??????????????????????????????????????? | | ??????????????????????????????????????? | | ??????????????????????????????????????? | | ??????????????????????????????????????? | | ??????????????????????????????????????? | | ??????????????????????????????????????? | | ??????????????????????????????????????? | | ??????????????????????????????????????? | | ??????????????????????????????????????? | | ??????????????????????????????????????? | | ??????????????????????????????????????? | | ??????????????????????????????????????? | | ??????????????????????????????????????? | | ??????????????????????????????????????? | | ??????????????????????????????????????? | | ??????????????????????????????????????? | | ??????????????????????????????????????? | | ???????????#############+####?????????? | | ?????????? #?????????? | | ?????????? #?????????? | | ?????????? @ #?????????? | | ?????????? #?????????? | | ?????????? #?????????? | | ???????????### #####+####?????????? | | ?????????????# ?????????????????????? | | ?????????????#????????????????????????? | | ??????????????????????????????????????? | | ??????????????????????????????????????? | | ??????????????????????????????????????? | | ??????????????????????????????????????? | | ??????????????????????????????????????? | | ??????????????????????????????????????? | | ??????????????????????????????????????? | | ??????????????????????????????????????? | | ??????????????????????????????????????? | | ??????????????????????????????????????? | | ??????????????????????????????????????? | | ??????????????????????????????????????? | | ??????????????????????????????????????? | | ??????????????????????????????????????? | | ??????????????????????????????????????? | | ??????????????????????????????????????? | | ??????????????????????????????????????? | | ??????????????????????????????????????? | | ??????????????????????????????????????? | +----------------------------------------------------+ Best States ------------- Heat Dissipation 45 Energy Generation 14 Energy Capacity 275 Matter Stores 300 Matter Capacity 300 Sight Range 16 Terrain Scan Density 10 Armor Coverage 225 Evasion (%) 55 Item Schematics ----------------- None Robot Schematics ------------------ None Fabricated ------------ Nothing Repaired ---------- Nothing Alien Tech Used ----------------- None Achievements -------------- None Challenges ------------ None Game ------ Seed PersonalMediumChip Manual? 0 Play Time 00:25:22 Cumulative 217.6 hours Start 2025.06.02 @ 11:26:06 End 2025.06.04 @ 21:07:47 Sessions 3 Manual Loads 0 Difficulty Rogue Special Mode None Game No. 379 Rogue 379 Adventurer 0 Explorer 0 Win Type - Total 1 Types 1/0/0/0/0/0/0/0/0/0 Lore% 29 Gallery% 46 Achievement% 38 Wizard Run 0 Options --------- Layout 1 ASCII 0 Keyboard 1 Movement Vi Keybinds 0 Fullscreen 0 Font 24/Smallcaps Map View 59x39 Zoom Use 0% Tactical HUD 1 Map Filters NONE Filters NONE Steam 1 RUN: dcac7b6c-341c-4275-8ec0-7bad3579eb91